 Dungeon Crawl Stone Soup version 0.29-a0-369-gd956c00756 (webtiles) character file.

Game seed: 4824001203184801461

1733 Antichthon the Cudgeller (level 9, -15/54 HPs)
             Began as a Gargoyle Fighter on May 2, 2022.
             Demolished by a two-headed ogre
             ... wielding a +0 giant spiked club
              (22 damage)
             ... on level 5 of the Dungeon.
             The game lasted 00:09:08 (5997 turns).

Antichthon the Cudgeller (Gargoyle Fighter)         Turns: 5997, Time: 00:09:09

Health: -15/54     AC: 27    Str: 24    XL:     9   Next: 5%
Magic:  11/11      EV:  8    Int: 11    God:
Gold:   272        SH:  4    Dex:  9    Spells: 8/8 levels left

rFire   . . .      SeeInvis .   a - +1 flail
rCold   . . .      Faith    .   c - +0 buckler
rNeg    + . .      Spirit   .   f - +6 chain mail of Responsibility {rPois Will++ Str+2}
rPois   ∞          Reflect  .   (no helmet)
rElec   +          Harm     .   r - +0 cloak
rCorr   .          Rampage  .   (no gloves)
Will    +++..                   (no boots)
Stlth   ..........              (no amulet)
HPRegen 0.18/turn               e - ring of willpower
MPRegen 0.12/turn               i - +4 ring of protection

@: no status effects
A: sickness immunity, AC +6, negative energy resistance 1, electricity
resistance, torment resistance 1, petrification resistance
a: no special abilities


You were on level 5 of the Dungeon.
You visited 2 branches of the dungeon, and saw 6 of its levels.

You collected 272 gold pieces.

Inventory:

Hand Weapons
 a - a +1 flail (weapon)
Missiles
 l - a throwing net (quivered)
Armour
 c - a +0 buckler (worn)
 f - the +6 chain mail of Responsibility (worn) {rPois Will++ Str+2}
   (You found it on level 2 of the Dungeon)

   Str:       It affects your strength (+2).
   rPois:     It protects you from poison.
   Will:      It greatly increases your willpower.
 r - a +0 cloak (worn)
Jewellery
 e - a ring of willpower (left hand)
 i - a +4 ring of protection (right hand)
Wands
 j - a wand of charming (9)
 s - a wand of digging (7)
Scrolls
 b - 2 scrolls of teleportation
 k - a scroll of magic mapping
 m - a scroll of enchant weapon
 q - 3 scrolls of vulnerability
 u - 2 scrolls of amnesia
 w - a scroll of brand weapon {unknown}
 x - a scroll of blinking
Potions
 d - 2 potions of might
 g - a potion of brilliance
 h - a potion of flight
 n - 2 potions of mutation
 o - a potion of haste
 p - a potion of magic {unknown}
 t - a potion of curing {unknown}
 v - a potion of degeneration {unknown}


   Skills:
 * Level 5.4 Fighting
 * Level 7.4 Maces & Flails
 * Level 6.0 Armour
 * Level 2.5 Dodging
 * Level 5.2 Shields
 * Level 3.6 Invocations


You had 8 spell levels left.
You didn't know any spells.
Your spell library contained the following spells:

 Spells                   Type           Power      Damage    Failure   Level
 Magic Dart               Conj           0%         1d3       96%         1
 Call Imp                 Summ           0%         N/A       99%         2
 Mephitic Cloud           Conj/Pois/Air  0%         N/A       100%        3
 Tukima's Dance           Hex            0%         N/A       100%        3
 Anguish                  Hex/Necr       0%         N/A       100%        4
 Enfeeble                 Hex            0%         N/A       100%        7


Dungeon Overview and Level Annotations

Branches:
Dungeon (5/15)             Temple (1/1) D:4

Altars:
Ashenzari
Dithmenos
Elyvilon
Fedhas
Hepliaklqana
Kikubaaqudgha
Makhleb
Nemelex Xobeh
Qazlal
Ru
Sif Muna
Trog
Uskayaw
Wu Jian
Xom
Zin

Shops:
D:1 [   D:3 [

Annotations:
D:3 3 runed translucent doors, drugrobin's ghost, amateur DgFi
D:5 1 runed translucent door, Crazy Yiuf


Innate Abilities, Weirdness & Mutations

You are immune to sickness and miasma.
Your stone body is resilient. (AC +6)
You are immune to poison.
You resist negative energy. (rN+)
You are resistant to electric shocks. (rElec)
You are resistant to unholy torment.
You are immune to petrification.


Message History

x - a scroll of blinking
Found a stone staircase leading up.
Found a mace.
Found a runed translucent door.
Crazy Yiuf laughs, "Mountain verde cloud!"
A two-headed ogre comes into view.
It is wielding two +0 giant spiked clubs.
You sock the two-headed ogre!
The two-headed ogre is moderately wounded.
You block the two-headed ogre's attack. The two-headed ogre closely misses you.
You sock the two-headed ogre!
The two-headed ogre is heavily wounded.
You sock the two-headed ogre!
The two-headed ogre is heavily wounded.
The two-headed ogre hits you but does no damage.
The two-headed ogre hits you with a +0 giant spiked club.
You hit the two-headed ogre but do no damage.
The two-headed ogre is heavily wounded.
You block the two-headed ogre's attack.
The two-headed ogre hits you but does no damage.
You closely miss the two-headed ogre.
The two-headed ogre is heavily wounded.
The two-headed ogre hits you with a +0 giant spiked club!!
The two-headed ogre hits you with a +0 giant spiked club.
You sock the two-headed ogre!
The two-headed ogre is severely wounded.
You hit the two-headed ogre.
The two-headed ogre is severely wounded.
The two-headed ogre closely misses you. You block the two-headed ogre's attack.
You sock the two-headed ogre!
The two-headed ogre is almost dead.
The two-headed ogre hits you with a +0 giant spiked club!
* * * LOW HITPOINT WARNING * * *
The two-headed ogre hits you with a +0 giant spiked club.
* * * LOW HITPOINT WARNING * * *
You closely miss the two-headed ogre.
The two-headed ogre is almost dead.
You hit the two-headed ogre but do no damage.
The two-headed ogre is almost dead.
You block the two-headed ogre's attack.
The two-headed ogre hits you with a +0 giant spiked club!!
You die...

#.#
#........########.#
.........# #.#
############## #.#
...# #.# ###.####.#
### ♣♣##........# #
#)..#♣♣
♣♣..#.#.###### #
#...+.♣♣♣♣P......#
#
#...#♣..♣.....@O.#
# ### ♣♣♣.♣...###.#
# ♣♣♣♣♣## #.# # #.#
# #.. ###


You could see a two-headed ogre.

Vanquished Creatures
  Pikel (D:5)
  Sigmund (D:5)
  Edmund (D:4)
  An ice beast (D:5)
  3 ogres
  A phantom (D:4)
  3 scorpions (D:4)
  A howler monkey (D:4)
  An orc priest (D:4)
  A gnoll shaman (D:4)
  A jelly (D:4)
  An iguana (D:3)
  An orc wizard (D:3)
  Ijyb (D:4)
  7 adders
  8 gnolls
  4 worms
  3 dart slugs
  10 orcs
  9 ball pythons
  4 endoplasms
  3 giant cockroaches
  6 goblins
  5 hobgoblins
  12 jackals
  5 quokkas
  9 bats
  3 frilled lizards
  8 kobolds
  5 rats
119 creatures vanquished.

Vanquished Creatures (others)
  A fungus (D:5)
  17 plants (D:3)
18 creatures vanquished.

Grand Total: 137 creatures vanquished

Notes
Turn   | Place    | Note
-------+----------+-------------------------------------------
     0 | D:1      | Antichthon the Gargoyle Fighter began the quest for the
                  | Orb.
     0 | D:1      | Reached XP level 1. HP: 14/14 MP: 1/1
   205 | D:1      | Reached XP level 2. HP: 17/19 MP: 2/2
   378 | D:1      | Found Guruoph's Antique Armour Shoppe.
   493 | D:1      | Found a faded altar of an unknown god.
   642 | D:2      | Reached XP level 3. HP: 12/23 MP: 3/3
  1044 | D:2      | Identified the +6 chain mail of Responsibility {rPois
                  | Will++ Str+2}
  1274 | D:2      | Reached XP level 4. HP: 29/29 MP: 4/4
  1751 | D:3      | Reached skill level 1 in Invocations
  1817 | D:3      | Reached skill level 3 in Maces & Flails
  2081 | D:3      | Found Qozxaeck's Armour Shop.
  2147 | D:2      | Reached XP level 5. HP: 33/33 MP: 5/5
  2888 | D:3      | Found a stormy altar of Qazlal.
  2910 | D:3      | Reached skill level 1 in Dodging
  2910 | D:3      | Reached XP level 6. HP: 29/38 MP: 7/7
  2995 | D:3      | Found a runed translucent gate.
  2997 | D:3      | Noticed drugrobin's ghost (amateur DgFi)
  3004 | D:3      | Found a runed translucent gate.
  3004 | D:3      | Found a runed translucent gate.
  3101 | D:3      | Reached skill level 4 in Maces & Flails
  3507 | D:4      | Reached XP level 7. HP: 39/43 MP: 8/8
  3573 | D:4      | Found a staircase to the Ecumenical Temple.
  3590 | Temple   | Entered the Ecumenical Temple
  4077 | D:4      | Reached skill level 5 in Maces & Flails
  4427 | D:4      | Noticed Ijyb
  4440 | D:4      | Killed Ijyb
  4496 | D:4      | Noticed Edmund
  4521 | D:4      | HP: 2/44 [Edmund/+3 dire flail of protection (5)]
  5006 | D:4      | Killed Edmund
  5007 | D:4      | Reached skill level 5 in Armour
  5471 | D:5      | Entered Level 5 of the Dungeon
  5503 | D:5      | Noticed Sigmund
  5517 | D:4      | Reached XP level 8. HP: 45/48 MP: 9/9
  5552 | D:4      | Reached skill level 6 in Maces & Flails
  5625 | D:5      | Killed Sigmund
  5626 | D:5      | Reached skill level 5 in Fighting
  5626 | D:5      | Noticed Pikel
  5635 | D:5      | Killed Pikel
  5636 | D:5      | Reached skill level 7 in Maces & Flails
  5636 | D:5      | Reached skill level 5 in Shields
  5787 | D:5      | Reached XP level 9. HP: 54/54 MP: 11/11
  5975 | D:5      | Found a runed translucent door.
  5976 | D:5      | Noticed Crazy Yiuf
  5986 | D:5      | Noticed a two-headed ogre
  5997 | D:5      | Demolished by a two-headed ogre

Illustrated notes

Levels and vault maps discovered:
D:1:      beargit_arrival_greenhouse, layout_rooms, serial_shops, shop,
          hellmonk_ecumenical_altar_slurped_away, serial_bayou_ford_a
D:2:      layout_loops_corners
D:3:      layout_basic, mainiacjoe_overflow_alcove_1, serial_bayou,
          serial_bayou_pond_b, serial_bayou_shore_a, serial_bayou_crossing,
          serial_bayou_shore_b, serial_shops, nicolae_diamond_shop,
          gammafunk_ghost_nasty_kobolds
D:4:      layout_cave_pods, minmay_temple_entry_glass,
          chequers_serial_rivers_micro_c, minmay_circle_x, uniq_ijyb,
          uniq_edmund
D:5:      layout_basic, gammafunk_temple_overflow_wave, uniq_sigmund,
          uniq_pikel, uniq_crazy_yiuf_cottage
Temple:   regret_index_temple_waves

Skill      XL: |  1  2  3  4  5  6  7  8 |
---------------+-------------------------+-----
Invocations    | 1 2 3 |  3.6
Maces & Flails | 3 4 5 7 |  7.4
Armour         | 4 5 6 |  6.0
Shields        | 4 5 |  5.2
Fighting       | 4 5 |  5.4
Dodging        | 1 2 |  2.5

Action                   |  1- 3 |  4- 6 |  7- 9 || total
-------------------------+-------+-------+-------++-------
Melee: Flail             |   101 |   187 |   185 ||   473
  Use: Scroll            |     2 |     7 |     5 ||    14
       Potion            |       |       |     1 ||     1
Armor: Scale mail        |    79 |       |       ||    79
       Chain mail        |     7 |   197 |   138 ||   342
Dodge: Dodged            |    83 |    99 |    75 ||   257
Block: Buckler           |    25 |    52 |    61 ||   138

Table legend: (Time is in decaauts)
 A = Elapsed time spent in this place.
 B = Non-inter-level travel time spent in this place.
 C = Inter-level travel time spent in this place.
 D = Time resting spent in this place.
 E = Time spent auto-exploring this place.
 F = Levels seen in this place.
 G = Mean time per level.
                   A        B        C        D        E       F      G
               +--------+--------+--------+--------+--------+-----+--------+
         Total |   6147 |   6006 |    141 |    839 |   3851 |   6 | 1024.5 |
       Dungeon |   5916 |   5802 |    114 |    839 |   3657 |   5 | 1183.2 |
        Temple |    230 |    203 |     27 |      0 |    194 |   1 |  230.0 |
               +--------+--------+--------+--------+--------+-----+--------+

Top non-repeatable levels by time:
     D:4: 1975 daAuts
     D:2: 1590 daAuts
     D:3: 1303 daAuts
     D:1: 651 daAuts
     D:5: 396 daAuts
  Temple: 230 daAuts
